Match 47081193
Unlisted

Match 47081193
End
Construct Section Command Post
Infantry Section
Infantry Section
Selects Canadian Shock Battlegroup
Dingo Light Scout Car
Vickers Machine Gun Team
Construct Platoon Command Post
Selects Attacking Spirit
Selects Canadian Shock Section
Canadian Shock Section
Grenade Package
Canadian Shock Section
Infantry Training
Selects Burnout
Selects Pyrotechnics
CMP 15cwt Truck
Canadian Shock Section
ML 3-inch Mortar Team
6-pounder Anti-tank Gun Team
Selects Churchill Crocodile Heavy Tank
Churchill Crocodile Heavy Tank
Canadian Shock Section
Construct Company Command Post
Selects Smoke Operation
6-pounder Anti-tank Gun Team
Smoke Operation
~TAB~ THUND3RCHUNKY
The_Jonny_Boy94
Misterseek
eternalmustard
0
0

Comments sign in to comment!

No comments posted yet!